 Dungeon Crawl Stone Soup version 0.28.0 (webtiles) character file.

Game seed: 15365612558689776036

135 Ayyar the Covert (level 5, -12/47 HPs)
             Began as a Gnoll Delver on Mar 30, 2022.
             Was an Initiate of Gozag.
             Mangled by an orc warrior (15 damage)
             ... on level 4 of the Dungeon.
             The game lasted 00:14:17 (3439 turns).

Ayyar the Covert (Gnoll Delver)                     Turns: 3439, Time: 00:14:17

Health: -12/47     AC:  7    Str: 14    XL:     5   Next: 18%
Magic:  7/7        EV: 12    Int:  9    God:    Gozag
Gold:   107        SH:  0    Dex: 13    Spells: 6/6 levels left

rFire   . . .      SeeInvis .   b - +0 whip (venom)
rCold   . . .      Faith    .   (no shield)
rNeg    . . .      Spirit   .   o - +0 ring mail
rPois   .          Reflect  .   p - +0 helmet
rElec   .          Harm     .   q - +0 cloak
rCorr   .          Rampage  .   (no gloves)
Will    .....                   (no boots)
Stlth   ++++......              (no amulet)
HPRegen 0.15/turn               (no ring)
MPRegen 0.10/turn               (no ring)

@: no status effects
A: fangs 1, strong nose, distributed training
a: Renounce Religion, Potion Petition, Call Merchant, Bribe Branch


You were on level 4 of the Dungeon.
You worshipped Gozag.
Gozag was aware of your devotion.
You visited 2 branches of the dungeon, and saw 6 of its levels.

You collected 172 gold pieces.
You paid 65 gold pieces to Gozag.

Inventory:

Hand Weapons
 b - a +0 whip of venom (weapon)
Missiles
 l - 2 throwing nets (quivered)
 s - 2 boomerangs
Armour
 o - a +0 ring mail (worn)
 p - a +0 helmet (worn)
 q - a +0 cloak (worn)
 t - a +0 scale mail
Wands
 g - a wand of digging (3)
Scrolls
 c - 2 scrolls of fog
 d - a scroll of magic mapping
 e - a scroll of fear
 h - 3 scrolls of identify {unknown}
 i - 2 scrolls of blinking {unknown}
 m - a scroll of silence {unknown}
 n - 2 scrolls of enchant armour {unknown}
 r - 2 scrolls of teleportation {unknown}
 u - a scroll of brand weapon {unknown}
Potions
 a - a potion of attraction {unknown}
 f - a potion of haste
 j - a potion of mutation {unknown}
 k - a potion of heal wounds
 v - a potion of might {unknown}


   Skills:
 + Level 6.6 Fighting
 + Level 1.4 Short Blades
 + Level 4.7 Long Blades
 + Level 1.4 Axes
 + Level 1.4 Maces & Flails
 + Level 1.4 Polearms
 + Level 1.4 Staves
 + Level 1.4 Slings
 + Level 1.4 Bows
 + Level 1.4 Crossbows
 + Level 1.4 Throwing
 + Level 1.4 Armour
 + Level 4.7 Dodging
 + Level 9.6 Stealth
 + Level 1.4 Shields
 + Level 1.4 Unarmed Combat
 + Level 1.4 Spellcasting
 + Level 1.1 Conjurations
 + Level 1.1 Hexes
 + Level 1.1 Summonings
 + Level 1.1 Necromancy
 + Level 1.1 Translocations
 + Level 1.1 Transmutations
 + Level 1.1 Fire Magic
 + Level 1.1 Ice Magic
 + Level 1.1 Air Magic
 + Level 1.1 Earth Magic
 + Level 1.1 Poison Magic
 + Level 1.5 Invocations
 + Level 1.4 Evocations


You had 6 spell levels left.
You didn't know any spells.
Your spell library contained the following spells:

 Spells                   Type           Power      Damage    Failure   Level
 Apportation              Tloc           4%         N/A       43%         1
 Sting                    Tmut/Pois      8%         1d3       43%         1
 Corpse Rot               Necr/Air       4%         N/A       56%         2
 Poisonous Vapours        Pois/Air       4%         N/A       56%         2
 Gell's Gravitas          Tloc           2%         N/A       80%         3
 Lesser Beckoning         Tloc           2%         N/A       80%         3
 Teleport Other           Tloc           2%         N/A       80%         3
 Olgreb's Toxic Radiance  Pois           2%         N/A       99%         4
 Alistair's Intoxication  Tmut/Pois      1%         N/A       100%        5


Dungeon Overview and Level Annotations

Branches:
Dungeon (5/15)             Temple (1/1) D:4

Altars:
Ashenzari
Cheibriados
Dithmenos
Elyvilon
Fedhas
Gozag
Hepliaklqana
Kikubaaqudgha
Makhleb
Nemelex Xobeh
Okawaru
Qazlal
Ru
Sif Muna
Trog
Uskayaw
Vehumet
Wu Jian
Xom
Yredelemnul
Zin
The Shining One


Innate Abilities, Weirdness & Mutations

You have very sharp teeth.
Your uncanny sense of smell can sniff out nearby items.
Your experience applies equally to all skills.


Message History

The ball python constricts you.
You barely miss the ball python. Your bite misses the ball python.
The ball python closely misses you. The ball python constricts you.
You whack the ball python!
You kill the ball python!
You now have 96 gold pieces (gained 6).
You now have 107 gold pieces (gained 11).
Found a club.
You see here a +0 club.
The orc warrior shouts!
The orc warrior hits you from afar with a +0 halberd!
The orc warrior completely misses you.
The hound barks!
You hit the orc warrior.
The orc warrior is lightly wounded.
The orc warrior hits you with a +0 halberd!
You closely miss the orc warrior.
The orc warrior is lightly wounded.
The orc warrior hits you with a +0 halberd!
You hit the orc warrior but do no damage.
The orc warrior is lightly wounded.
The orc warrior hits you with a +0 halberd!
* * * LOW HITPOINT WARNING * * *
Okay, then.
It was a potion of heal wounds.
You feel much better.
The orc warrior hits you with a +0 halberd.
The hound bites you but does no damage.
You hit the orc warrior but do no damage.
The orc warrior is poisoned.
The orc warrior is lightly wounded.
The orc warrior closely misses you. The hound bites you but does no damage.
You barely miss the orc warrior.
The orc warrior is lightly wounded.
The hound barely misses you.
The orc warrior hits you with a +0 halberd!!
* * * LOW HITPOINT WARNING * * *
The hound bites you but does no damage.
The orc warrior hits you with a +0 halberd!
You die...
Your body crumbles into a pile of gold.

#..######## ...### #.........#
#.# #######.... .
#........$####.####.......o# ##
#................##........#
#...h..>..........?........####
#................##............
#.................#........####
#.r...........o............# #
#............h@..##.###..### ##
#.....|..........##.##.)######.
#................##....).......
##..............####.........).
...##.......###..##.......
##############.#...........#.
#.....########....##########.
#.................# ##.
#.................#########..


You could see an orc warrior (very poisoned) and a hound.

Vanquished Creatures
  An orc wizard (D:4)
  Robin (D:2)
  A gnoll (D:1)
  An adder (D:3)
  A white imp (D:4)
  A worm (D:2)
  A dart slug (D:1)
  7 orcs
  3 bats
  5 endoplasms
  A giant cockroach (D:2)
  9 goblins
  5 hobgoblins
  4 jackals (D:4)
  2 quokkas
  5 ball pythons
  2 frilled lizards
  5 kobolds
  4 rats
  A spectral hobgoblin (D:3)
60 creatures vanquished.

Notes
Turn   | Place    | Note
-------+----------+-------------------------------------------
     0 | D:5      | Reached skill level 9 in Stealth
     0 | D:5      | Ayyar the Gnoll Delver began the quest for the Orb.
     0 | D:5      | Reached XP level 1. HP: 23/23 MP: 1/1
     5 | D:4      | Noticed a hound
    43 | D:4      | Noticed an iguana
    68 | D:3      | Noticed a black bear
   341 | D:1      | Reached XP level 2. HP: 17/29 MP: 2/2
   672 | D:1      | Reached XP level 3. HP: 29/35 MP: 3/3
  1255 | D:2      | Noticed Robin
  1284 | D:2      | Killed Robin
  1285 | D:2      | Reached skill level 1 in Invocations
  1443 | D:2      | Reached skill level 1 in Short Blades
  1443 | D:2      | Reached skill level 1 in Axes
  1443 | D:2      | Reached skill level 1 in Maces & Flails
  1443 | D:2      | Reached skill level 1 in Polearms
  1443 | D:2      | Reached skill level 1 in Staves
  1443 | D:2      | Reached skill level 1 in Slings
  1443 | D:2      | Reached skill level 1 in Bows
  1443 | D:2      | Reached skill level 1 in Crossbows
  1443 | D:2      | Reached skill level 1 in Throwing
  1443 | D:2      | Reached skill level 1 in Armour
  1443 | D:2      | Reached skill level 1 in Shields
  1443 | D:2      | Reached skill level 1 in Unarmed Combat
  1443 | D:2      | Reached skill level 1 in Spellcasting
  1443 | D:2      | Reached skill level 1 in Evocations
  1534 | D:2      | Reached XP level 4. HP: 39/41 MP: 5/5
  2291 | D:3      | Found a faded altar of an unknown god.
  2612 | D:3      | Reached skill level 1 in Conjurations
  2612 | D:3      | Reached skill level 1 in Hexes
  2612 | D:3      | Reached skill level 1 in Summonings
  2612 | D:3      | Reached skill level 1 in Necromancy
  2612 | D:3      | Reached skill level 1 in Translocations
  2612 | D:3      | Reached skill level 1 in Transmutations
  2612 | D:3      | Reached skill level 1 in Fire Magic
  2612 | D:3      | Reached skill level 1 in Ice Magic
  2612 | D:3      | Reached skill level 1 in Air Magic
  2612 | D:3      | Reached skill level 1 in Earth Magic
  2612 | D:3      | Reached skill level 1 in Poison Magic
  2709 | D:3      | Found a hide-covered altar of Uskayaw.
  3080 | D:4      | Found a staircase to the Ecumenical Temple.
  3089 | Temple   | Entered the Ecumenical Temple
  3208 | Temple   | Became a worshipper of Gozag Ym Sagoz the Greedy
  3250 | D:4      | Noticed an orc warrior
  3305 | D:4      | Reached XP level 5. HP: 37/47 MP: 5/7
  3439 | D:4      | Mangled by an orc warrior

Illustrated notes

Levels and vault maps discovered:
D:1:      dpeg_arrival_arbitrary_c, layout_basic
D:2:      layout_loops_ring, uniq_robin
D:3:      layout_loops_corners, lemuel_round_altar,
          dreamdust_ecumenical_altar_drowned_temple
D:4:      layout_rooms, minmay_temple_entry_statues_fountains,
          hangedman_decor_diamond_cutter, minmay_misc_feat_tiny,
          hangedman_glass_teeth, nicolae_concentric_dashed_squares_mild
D:5:      layout_gridville, uniq_sigmund
Temple:   kilobyte_greek_temple

Skill      XL: |  1  2  3  4 |
---------------+-------------+-----
Stealth        | |  9.6
Invocations    | 1 |  1.5
Short Blades   | 1 |  1.4
Axes           | 1 |  1.4
Maces & Flails | 1 |  1.4
Polearms       | 1 |  1.4
Staves         | 1 |  1.4
Slings         | 1 |  1.4
Bows           | 1 |  1.4
Crossbows      | 1 |  1.4
Throwing       | 1 |  1.4
Armour         | 1 |  1.4
Shields        | 1 |  1.4
Unarmed Combat | 1 |  1.4
Spellcasting   | 1 |  1.4
Evocations     | 1 |  1.4
Conjurations   | 1 |  1.1
Hexes          | 1 |  1.1
Summonings     | 1 |  1.1
Necromancy     | 1 |  1.1
Translocations | 1 |  1.1
Transmutations | 1 |  1.1
Fire Magic     | 1 |  1.1
Ice Magic      | 1 |  1.1
Air Magic      | 1 |  1.1
Earth Magic    | 1 |  1.1
Poison Magic   | 1 |  1.1
Fighting       | |  6.6
Long Blades    | |  4.7
Dodging        | |  4.7

Action                   |  1- 3 |  4- 6 || total
-------------------------+-------+-------++-------
Melee: Falchion          |    14 |       ||    14
       Bite              |     5 |     5 ||    10
       Punch             |     2 |     2 ||     4
       Whip              |    67 |    98 ||   165
  Use: Potion            |       |     1 ||     1
 Stab: Sleeping          |     6 |     5 ||    11
Armor: Leather armour    |     3 |       ||     3
       Ring mail         |    20 |    40 ||    60
Dodge: Dodged            |    37 |    52 ||    89
